Map: Ruins of Seras

Players

Bagain - Winner!

  • Race: Protoss Protoss
  • League: Gold

A.I. 1 (Elite)

  • Race: Terran Terran

VOD

Have the link to the VOD?

Description

Time

  • Played on: March 9, 2016, 12:07 p.m.
  • Length: 14:01
Show
View Real Time Build Order
Export as new Build Order

Bagain Protoss - Winner!

Build Orders:  

Get SALT Encoding   

  12  0:01  Probe (Chrono Boost)  
  13  0:12  Probe (Chrono Boost)  
  14  0:24  Probe (Chrono Boost)  
  14  0:25  Pylon  
  15  0:43  Probe (Chrono Boost)  
  15  0:47  Gateway  
  16  0:54  Probe (Chrono Boost)  
  16  0:55  Assimilator  
  17  1:05  Probe (Chrono Boost)  
  18  1:15  Probe (Chrono Boost)  
  19  1:26  Probe (Chrono Boost)  
  19  1:30  Pylon  
  20  1:36  Probe (Chrono Boost)  
  21  1:41  Cybernetics Core  
  21  1:52  Probe (Chrono Boost)  
  22  1:56  Nexus  
  22  2:05  Probe (Chrono Boost)  
  23  2:08  Assimilator  
  23  2:20  Gateway  
  23  2:24  Pylon  
  25  2:30  Mothership Core (Chrono Boost)  
  25  2:37  Warp Gate  
  25  2:42  Adept  
  27  2:48  Probe (Chrono Boost)  
  28  3:01  Probe (Chrono Boost)  
  29  3:09  Adept x2  
  29  3:11  Probe x2 (Chrono Boost)  
  35  3:20  Stargate  
  35  3:21  Probe (Chrono Boost)  
  35  3:25  Probe (Chrono Boost)  
  37  3:32  Probe (Chrono Boost)  
  38  3:35  Probe (Chrono Boost)  
  38  3:40  Gateway  
  39  3:42  Probe (Chrono Boost)  
  40  3:50  Probe (Chrono Boost)  
  40  3:51  Adept  
  40  3:53  Probe (Chrono Boost)  
  40  3:54  Adept  
  46  4:00  Probe (Chrono Boost)  
  47  4:04  Probe (Chrono Boost)  
  47  4:05  Pylon  
  48  4:12  Oracle  
  48  4:14  Probe (Chrono Boost)  
  48  4:15  Probe (Chrono Boost)  
  53  4:18  Assimilator  
  53  4:31  Probe (Chrono Boost)  
  54  4:44  Probe x2 (Chrono Boost)  
  54  4:45  Nexus  
  56  4:46  Adept x2  
  56  4:47  Sentry  
  62  5:01  Pylon  
  62  5:05  Pylon  
  62  5:10  Robotics Facility  
  62  5:20  Probe x2 (Chrono Boost)  
  64  5:30  Probe x2 (Chrono Boost)  
  64  5:32  Adept x2  
  64  5:33  Adept  
  64  5:35  Phoenix  
  74  5:40  Assimilator  
  73  5:51  Gateway  
  73  5:53  Gateway, Probe (Chrono Boost)  
  73  5:54  Gateway  
  73  5:55  Gateway  
  76  5:57  Probe x2 (Chrono Boost)  
  76  6:02  Pylon  
  76  6:04  Probe (Chrono Boost)  
  77  6:05  Pylon  
  77  6:07  Probe x2 (Chrono Boost)  
  77  6:09  Pylon  
  79  6:14  Immortal (Chrono Boost)  
  83  6:26  Adept x3  
  89  6:32  Probe  
  89  6:33  Probe  
  89  6:34  Probe  
  92  6:43  Probe  
  92  6:46  Probe  
  91  6:58  Adept x3  
  97  7:05  Immortal (Chrono Boost)  
  97  7:06  Probe x2  
  97  7:08  Probe  
  104  7:16  Probe, Phoenix  
  104  7:22  Stalker x5  
  117  7:27  Assimilator  
  117  7:33  Pylon  
  117  7:36  Pylon  
  117  7:39  Assimilator  
  117  7:49  Probe x2  
  117  7:51  Probe  
  124  7:52  Immortal (Chrono Boost), Robotics Facility  
  124  8:00  Probe x2  
  124  8:02  Sentry x2  
  124  8:03  Sentry, Probe  
  133  8:10  Pylon  
  133  8:14  Pylon  
  133  8:15  Pylon  
  133  8:20  Pylon  
  133  8:26  Probe x2, Pylon  
  133  8:28  Probe  
  133  8:29  Pylon  
  133  8:31  Nexus  
  100  8:55  Adept x2  
  100  8:56  Adept x5  
  100  9:00  Immortal x2 (Chrono Boost)  
  122  9:13  Probe, Robotics Bay  
  122  9:14  Pylon  
  122  9:15  Probe x2  
  122  9:16  Assimilator  
  125  9:17  Adept  
  125  9:18  Adept x3, Pylon  
  125  9:20  Sentry  
  125  9:21  Sentry, Assimilator  
  125  9:24  Probe  
  137  9:27  Probe  
  139  9:35  Immortal x2 (Chrono Boost)  
  139  9:38  Pylon  
  147  9:41  Pylon  
  147  9:46  Adept x6  
  147  9:48  Forge  
  147  9:49  Sentry  
  147  9:50  Forge  
  151  10:20  Adept x7  
  165  10:23  Immortal x2 (Chrono Boost)  
  165  10:24  Oracle  
  176  10:33  Protoss Ground Armor Level 1, Protoss Ground Weapons Level 1  
  176  10:41  Stalker  
  176  10:42  Stalker x4  
  186  10:43  Stalker  
  192  10:57  Immortal (Chrono Boost)  
  192  11:09  Stalker x4  
  200  11:20  Twilight Council  
  163  11:47  Stalker x2  
  163  11:48  Stalker x3  
  163  11:49  Stalker x2  
  163  11:52  Colossus x2 (Chrono Boost)  
  183  12:12  Adept x4  
  183  12:13  Adept x3  
  197  12:31  Probe  
  197  12:33  Probe x2  
Show
View Real Time Build Order
Export as new Build Order

A.I. 1 (Elite) Terran 

Build Orders: MMM Bio 

Get SALT Encoding   

  12  0:00  SCV  
  13  0:13  SCV  
  14  0:19  Supply Depot  
  14  0:25  SCV  
  15  0:41  SCV  
  16  0:43  Barracks  
  16  0:53  SCV  
  17  1:05  SCV  
  18  1:17  SCV  
  19  1:18  Supply Depot  
  19  1:23  Refinery  
  19  1:29  SCV  
  19  1:32  Marine  
  21  1:41  SCV  
  22  1:49  Refinery  
  22  1:50  Marine  
  22  1:53  SCV  
  24  2:05  SCV  
  24  2:08  Marine  
  26  2:17  SCV  
  26  2:21  Factory  
  27  2:26  Marine  
  29  2:30  SCV  
  29  2:39  Factory  
  29  2:42  SCV  
  29  2:44  Marine  
  31  2:45  Supply Depot  
  31  2:54  Orbital Command  
  31  3:05  Factory Tech Lab  
  31  3:07  Marine  
  32  3:19  SCV  
  33  3:23  Command Center  
  33  3:24  Factory Tech Lab  
  33  3:25  Marine  
  34  3:31  SCV  
  35  3:43  SCV  
  36  3:55  SCV  
  37  4:04  Barracks  
  37  4:08  SCV  
  38  4:15  Supply Depot  
  38  4:20  SCV  
  39  4:35  Siege Tank x2, SCV x2  
  39  4:37  Supply Depot  
  47  4:38  Marine  
  48  4:47  SCV x2  
  48  4:49  Supply Depot  
  50  4:59  SCV x2  
  52  5:03  Barracks Tech Lab, Marine  
  53  5:07  Siege Tank x2  
  53  5:11  SCV x2  
  61  5:21  Marine x2  
  62  5:22  Stimpack  
  62  5:25  Barracks  
  63  5:31  Starport  
  63  5:32  Command Center  
  63  5:38  Marine  
  63  5:40  Marauder  
  66  5:57  Barracks Reactor  
  66  6:01  Marauder  
  68  6:04  Supply Depot  
  68  6:09  Starport Reactor  
  68  6:13  Barracks Tech Lab  
  68  6:17  Engineering Bay  
  68  6:22  Marauder  
  70  6:26  Engineering Bay  
  70  6:31  Marine, Combat Shields  
  71  6:33  Marine  
  72  6:42  Marine  
  72  6:43  Terran Infantry Armor Level 1, Barracks  
  72  6:44  Marauder, SCV  
  72  6:45  SCV x2  
  76  6:52  Terran Infantry Weapons Level 1  
  73  6:55  Marauder  
  73  6:57  SCV  
  73  6:58  SCV  
  73  7:00  SCV  
  78  7:05  Marauder  
  80  7:17  Marauder  
  80  7:21  Refinery  
  82  7:27  Marauder  
  84  7:30  Refinery  
  84  7:32  Concussive Shells  
  84  7:33  Orbital Command, Medivac  
  86  7:37  Missile Turret  
  86  7:38  Marauder  
  88  7:48  Marauder  
  90  7:55  Command Center  
  90  8:01  SCV  
  90  8:02  Supply Depot  
  90  8:04  SCV  
  92  8:05  SCV  
  92  8:11  Missile Turret  
  93  8:14  Medivac  
  93  8:16  Marine  
  93  8:17  Marine  
  97  8:23  Marauder  
  99  8:31  Marauder  
  99  8:32  Supply Depot  
  88  8:43  Marine x2  
  88  8:44  Marauder  
  88  8:46  Marine  
  82  8:53  Marauder  
  84  9:01  Marine  
  85  9:02  Marine  
  85  9:04  Marine  
  85  9:06  Marauder  
  89  9:14  Marauder  
  92  9:17  SCV x3  
  92  9:18  SCV  
  92  9:19  Marine  
  96  9:27  Marauder  
  96  9:29  SCV  
  96  9:30  SCV x2  
  96  9:31  SCV  
  102  9:35  Marine  
  102  9:36  Marauder  
  105  9:39  Armory  
  105  9:41  SCV  
  105  9:43  SCV  
  105  9:44  SCV  
  108  9:46  SCV  
  108  9:52  Marauder, Marine  
  112  9:53  Marine, SCV  
  112  9:55  SCV  
  112  9:57  SCV  
  112  9:58  SCV  
  112  9:59  Marine  
  108  10:00  Marine  
  98  10:09  Marine  
  98  10:11  Marine  
  98  10:13  Marauder  
  90  10:17  Marine  
  90  10:18  Marine  
  91  10:27  Marine  
  91  10:28  Ghost Academy  
  92  10:29  Marine  
  92  10:34  Siege Tank, Marine  
  92  10:35  Marauder  
  99  10:36  Marine  
  99  10:42  Siege Tank  
  103  10:45  Marine  
  103  10:47  Marine  
  105  10:52  Marine  
  105  10:56  Marauder  
  108  10:59  Missile Turret  
  96  11:06  Siege Tank, Supply Depot  
  96  11:08  SCV  
  96  11:11  Marauder  
  93  11:12  SCV  
  93  11:14  SCV  
  93  11:18  Marauder  
  97  11:21  SCV  
  97  11:24  SCV  
  99  11:26  Marine, SCV  
  99  11:31  Marine, Ghost  
  99  11:32  Marine  
  100  11:33  SCV  
  100  11:36  SCV  
  100  11:38  Marine, SCV  
  85  11:45  Marine, SCV  
  62  11:58  Marine  
  62  12:01  Marauder  
  53  12:09  Command Center  
Tags
 
Composition
MMM Bio
League
Gold
Matchup
PvT
Add a new tag
Caveats
  • Supply blocks, unpowered buildings, or Contaminate may cause inaccurate times.
  • Supply counts are checked every 10 seconds.